 Dungeon Crawl Stone Soup version 0.31-a0-1620-gcbf77bbcfc (webtiles) character file.

Game seed: 15158176505914787249

906781 xSliceyx the Archmage (level 27, -4/198 HPs)
             Began as a Deep Elf Air Elementalist on Aug 22, 2023.
             Was the Champion of Vehumet.
             Slain by a juggernaut (69 damage)
             ... on level 7 of the Iron City of Dis on Jan 11, 2024.
             The game lasted 09:07:36 (122381 turns).

xSliceyx the Archmage (Deep Elf Air Elementalist) Turns: 122381, Time: 09:07:36

Health: -4/198     AC: 17    Str:  8    XL:     27
Magic:  29/65      EV: 27    Int: 43    God:    Vehumet [******]
Gold:   3447       SH: 18    Dex: 14    Spells: 0/80 levels left

rFire   + + .        y - +3 long sword of Wisdom {venom, rF+ rC+ rN+ Int+2}
rCold   + + .        F - +5 kite shield {rC+ rF+}
rNeg    + + +        l - +5 robe of Night {Dark Will+ SInv}
rPois   .            P - +2 hat
rElec   +            J - +1 cloak of Starlight {*Dazzle EV+4 Stlth--}
rCorr   +            j - +2 pair of gloves of Pantheism {Regen+ Str+4 Int+2}
SInv    +            I - +2 pair of boots {Fly}
Will    +++..        Z - amulet "Pinyn" {Acrobat rN+ rCorr Slay-2}
Stlth   +            U - ring of the Tortoise {AC+8}
HPRegen 1.33/turn    Q - ring "Onwe" {+Blink rElec rN+ MP+9 Stlth+}
MPRegen 0.39/turn

%: acrobat
@: sluggish, flying, corroded, very slow
A: antennae 1, clever 1, sense surroundings 1, robust 1
}: 10/15 runes: decaying, serpentine, slimy, silver, abyssal, demonic, glowing,
magical, fiery, dark
a: Renounce Religion, Evoke Blink


You were on level 7 of the Iron City of Dis.
You worshipped Vehumet.
Vehumet was exalted by your worship.
You visited 13 branches of the dungeon, and saw 57 of its levels.
You visited Pandemonium 1 time, and saw 16 of its levels.
You visited the Abyss 2 times.
You also visited: Sewer, Bailey, Gauntlet, Ice Cave and Wizlab.

You collected 10469 gold pieces.
You spent 7022 gold pieces at shops.

Inventory:

Hand Weapons
 y - the +3 long sword of Wisdom (weapon) {venom, rF+ rC+ rN+ Int+2}
   (You found it on level 5 of the Dungeon)

   Int+2:     It affects your intelligence (+2).
   rF+:       It protects you from fire.
   rC+:       It protects you from cold.
   rN+:       It protects you from negative energy.
Missiles
 h - 7 curare-tipped darts
 D - 2 silver javelins
Armour
 a - a +2 helmet of see invisible
 j - the +2 pair of gloves of Pantheism (worn) {Regen+ Str+4 Int+2}
   (You acquired it on level 1 of the Lair of Beasts)

   Str+4:     It affects your strength (+4).
   Int+2:     It affects your intelligence (+2).
   Regen+:    It increases your rate of health regeneration.
 l - the +5 robe of Night (worn) {Dark Will+ SInv}
   (You took it off a deep elf pyromancer on level 2 of the Elven Halls)

   Dark:      It shrouds the wearer in darkness, reducing the range at which
   they can see and be seen by others.
   Will+:     It increases your willpower.
   SInv:      It lets you see invisible.
 F - a +5 kite shield of resistance (worn)
 I - a +2 pair of boots of flying (worn)
 J - the +1 cloak of Starlight (worn) {*Dazzle EV+4 Stlth--}
   (You found it on level 2 of the Snake Pit)

   *Dazzle:   It may blind those who miss an attack against the wearer in melee
   combat.
   EV+4:      It affects your evasion (+4).
   Stlth--:   It makes you much less stealthy.
 P - a +2 hat (worn)
Jewellery
 x - a ring of willpower
 Q - the ring "Onwe" (right hand) {+Blink rElec rN+ MP+9 Stlth+}
   (You found it on level 5 of the Vaults)

   [ring of magical power]

   rElec:     It insulates you from electricity.
   rN+:       It protects you from negative energy.
   MP+9:      It affects your magic capacity (+9).
   +Blink:    It lets you blink.
   Stlth+:    It makes you more stealthy.
 U - the ring of the Tortoise (left hand) {AC+8}
   (You took it off a deep elf knight on level 3 of the Elven Halls)

   [ring of protection]

   AC+8:      It affects your AC (+8).
 Z - the amulet "Pinyn" (around neck) {Acrobat rN+ rCorr Slay-2}
   (You took it off a deep elf sorcerer on level 3 of the Elven Halls)

   [amulet of the acrobat]

   Acrobat:   It increases your evasion while moving and waiting.
   Slay-2:    It affects your accuracy & damage with ranged weapons and melee
   (-2).
   rN+:       It protects you from negative energy.
   rCorr:     It protects you from acid and corrosion.
Wands
 s - a wand of iceblast (63)
 t - a wand of light (39)
 C - a wand of flame (91)
 E - a wand of mindburst (17)
 X - a wand of digging (57)
Scrolls
 e - 10 scrolls of teleportation
 g - 6 scrolls of fear
 i - a scroll of revelation
 k - 5 scrolls of fog
 m - 7 scrolls of poison
 q - 3 scrolls of blinking
 v - 6 scrolls of summoning
 B - 9 scrolls of immolation
Potions
 b - 3 potions of magic
 c - 14 potions of curing
 d - 7 potions of heal wounds
 f - 8 potions of ambrosia
 o - a potion of berserk rage
 p - 7 potions of mutation
 r - 11 potions of lignification
 u - 6 potions of resistance
 w - 6 potions of enlightenment
 z - 10 potions of cancellation
 A - 14 potions of invisibility
 S - 9 potions of brilliance
 W - 11 potions of haste
 Y - 7 potions of might
Miscellaneous
 n - the horn of Geryon
 G - a lightning rod (4/4)
 L - a phantom mirror
 N - a phial of floods


   Skills:
 * Level 20.7 Fighting
 * Level 23.4 Dodging
 - Level 2.4 Stealth
 - Level 14.0 Shields
 - Level 0.2 Unarmed Combat
 O Level 27 Spellcasting
 + Level 25.7 Conjurations
 - Level 5.0 Necromancy
 - Level 7.0 Translocations
 - Level 21.0 Fire Magic
 - Level 21.0 Air Magic
 - Level 17.1 Evocations


You couldn't memorise any spells.
You knew the following spells:

 Your Spells              Type           Power      Damage    Failure   Level
a - Shock                 Conj/Air       100%       1d9       0%          1
b - Static Discharge      Conj/Air       100%       3-8/arc   0%          2
c - Swiftness             Air            100%       N/A       0%          3
d - Airstrike             Air            63%        2d(9-25)  0%          4
e - Teleport Other        Tloc           87%        N/A       1%          3
f - Gell's Gravitas       Tloc           87%        N/A       1%          3
g - Maxwell's Capacitive  Air            63%        ∞         1%          8
h - Blink                 Tloc           100%       N/A       1%          2
i - Ignition              Fire           63%        3d17      1%          8
j - Mercury Vapours       Alch/Air       100%       N/A       0%          2
k - Fire Storm            Conj/Fire      65%        8d17      1%          9
l - Plasma Beam           Fire/Air       63%        2x1d79    0%          6
m - Chain Lightning       Conj/Air       65%        3d87      1%          9
n - Iskenderun's Mystic   Conj/Tloc      100%       2d19      0%          4
o - Arcjolt               Conj/Air       65%        1d75      0%          5
p - Sublimation of Blood  Necr           79%        N/A       1%          2
q - Passage of Golubria   Tloc           87%        N/A       1%          4
r - Lesser Beckoning      Tloc           100%       N/A       1%          2
s - Ozocubu's Armour      Ice            55%        N/A       1%          3

Your spell library contained the following spells:

 Spells                   Type           Power      Damage    Failure   Level
 Polar Vortex             Ice            27%        12d3*     100%        9
 Foxfire                  Conj/Fire      100%       2x1d9     0%          1
 Kiss of Death            Conj/Necr      100%       2d13      0%          1
 Magic Dart               Conj           100%       1d8       0%          1
 Sting                    Conj/Alch      100%       1d9       0%          1
 Scorch                   Fire           100%       2d9       0%          2
 Dazzling Flash           Conj/Hex       100%       N/A       0%          3
 Hailstorm                Conj/Ice       100%       3d16      0%          3
 Mephitic Cloud           Conj/Alch/Air  100%       N/A       0%          3
 Stone Arrow              Conj/Erth      100%       3d13      0%          3
 Volatile Blastmotes      Fire/Tloc      100%       2d18      0%          3
 Flame Wave               Conj/Fire      100%       2d21      0%          4
 Fireball                 Conj/Fire      65%        3d25      0%          5
 Iskenderun's Battlesphe  Conj           100%       2d15      0%          5
 Starburst                Conj/Fire      65%        6d17      0%          6
 Apportation              Tloc           100%       N/A       1%          1
 Freeze                   Ice            100%       1d10      1%          1
 Necrotise                Necr           100%       1d9       1%          1
 Sandblast                Erth           100%       2d20      1%          1
 Slow                     Hex            100%       N/A       1%          1
 Summon Small Mammal      Summ           100%       N/A       1%          1
 Call Imp                 Summ           100%       N/A       1%          2
 Cigotuvi's Dreadful Rot  Necr/Alch/Air  100%       N/A       1%          2
 Ensorcelled Hibernation  Hex/Ice        100%       N/A       1%          2
 Call Canine Familiar     Summ           55%        N/A       1%          3
 Confusing Touch          Hex            55%        N/A       1%          3
 Frozen Ramparts          Ice            100%       1d16      1%          3
 Fugue of the Fallen      Necr           79%        N/A       1%          3
 Inner Flame              Hex/Fire       99%        N/A       1%          3
 Portal Projectile        Hex/Tloc       100%       N/A       1%          3
 Summon Ice Beast         Ice/Summ       55%        N/A       1%          3
 Tukima's Dance           Hex            55%        N/A       1%          3
 Vampiric Draining        Necr           79%        2d11      1%          3
 Dispel Undead            Necr           79%        3d26      1%          4
 Fulminant Prism          Conj/Alch      53%        3d23      1%          4
 Ignite Poison            Fire/Alch      99%        N/A       1%          4
 Manifold Assault         Tloc           87%        N/A       1%          4
 Olgreb's Toxic Radiance  Alch           55%        N/A       1%          4
 Sticky Flame             Fire/Alch      99%        2d15      1%          4
 Summon Blazeheart Golem  Fire/Summ      99%        N/A       1%          4
 Vhi's Electric Charge    Tloc/Air       100%       N/A       1%          4
 Silence                  Hex/Air        49%        N/A       1%          5
 Bombard                  Conj/Erth      53%        9d9       1%          6
 Spellforged Servitor     Conj/Summ      53%        N/A       1%          7
 Anguish                  Hex/Necr       34%        N/A       2%          4
 Curse of Agony           Necr           79%        N/A       2%          5
 Summon Forest            Summ/Tloc      36%        N/A       4%          5
 Lee's Rapid Deconstruct  Erth           27%        3d15*     5%          5
 Animate Armour           Summ/Erth      100%       N/A       6%          4
 Cause Fear               Hex            27%        N/A       6%          4
 Leda's Liquefaction      Alch/Erth      27%        N/A       6%          4
 Petrify                  Alch/Erth      55%        N/A       6%          4
 Lehudib's Crystal Spear  Conj/Erth      53%        10d12     6%          8
 Alistair's Intoxication  Alch           36%        N/A       19%         5
 Metabolic Englaciation   Hex/Ice        27%        N/A       19%         5
 Summon Mana Viper        Hex/Summ       55%        N/A       19%         5
 Eringya's Noxious Bog    Alch           27%        4d6       24%         6
 Sculpt Simulacrum        Ice/Alch       27%        N/A       69%         6
 Summon Cactus Giant      Summ           27%        N/A       69%         6
 Malign Gateway           Summ/Tloc      36%        N/A       78%         7
 Haunt                    Necr/Summ      34%        N/A       89%         7
 Enfeeble                 Hex            27%        N/A       99%         7
 Monstrous Menagerie      Summ           27%        N/A       99%         7
 Summon Hydra             Summ           27%        N/A       99%         7
 Borgnjor's Revivificati  Necr           39%        N/A       99%         8
 Discord                  Hex            27%        N/A       100%        8
 Summon Horrible Things   Summ           27%        N/A       100%        8
 Death's Door             Necr           39%        N/A       100%        9
 Dragon's Call            Summ           27%        N/A       100%        9
 Shatter                  Erth           27%        3d23*     100%        9


Dungeon Overview and Level Annotations

Branches:
Dungeon (15/15)            Temple (1/1) D:4            Lair (5/5) D:8
  Swamp (4/4) Lair:2        Snake (4/4) Lair:2        Slime (5/5) Lair:4
    Orc (2/2) D:9             Elf (3/3) Orc:2        Vaults (5/5) D:13
  Crypt (1/3) Vaults:2     Depths (4/4) D:15           Hell (visited)
    Dis (7/7) Hell            Geh (0/7) Hell            Coc (0/7) Hell
    Tar (0/7) Hell            Zot (0/5) Depths:4      Sewer (visited)
 Bailey (visited)           IceCv (visited)          WizLab (visited)
Gauntlet (visited)

Altars:
Ashenzari
Cheibriados
Dithmenos
Elyvilon
Fedhas
Gozag
Hepliaklqana
Kikubaaqudgha
Makhleb
Nemelex Xobeh
Okawaru
Qazlal
Ru
Sif Muna
Trog
Uskayaw
Vehumet
Wu Jian
Xom
Yredelemnul
Zin
The Shining One
Jiyva

Shops:
D:7 *   Orc:2 [!([   Elf:1 :!*   Snake:4 *[?:   Vaults:3 [   Vaults:4 [
Vaults:5 (   Depths:1 ?[:?=   Depths:4 *

Portals:
Hell: Lair:5 Depths:1 Depths:2 Depths:3 Depths:4
Abyss: Depths:3
Pandemonium: Depths:2 Depths:4
Ziggurat: Depths:1


Innate Abilities, Weirdness & Mutations

You have a pair of small antennae on your head.
Your mind is acute. (Int +4, Str/Dex -1)
You passively map a small area around you.
You are robust. (+10% HP)


Message History

The iron giant fires a harpoon shot at you.
You block the harpoon shot.
The quicksilver elemental breathes dispelling energy at you.
The bolt of dispelling energy misses you.
Casting: Chain Lightning (dangerous; 1% risk of failure)
Confirm with . or Enter, or press ? or * to list all spells.
You feel quick. You block the juggernaut's attack. The juggernaut hits you.
The quicksilver elemental breathes dispelling energy at you.
The bolt of dispelling energy hits you!!
Your magical effects are unravelling.
* * * LOW HITPOINT WARNING * * *
You feel sluggish.
Unknown command.
You feel much better.
The quicksilver elemental breathes dispelling energy at you.
The bolt of dispelling energy misses you.
Magic courses through your body.
The quicksilver elemental breathes dispelling energy at you.
The bolt of dispelling energy hits you!!
Your magical effects are unravelling.
* * * LOW HITPOINT WARNING * * *
Blink to where?
Press: ? - help, Q - select action, (/) - cycle Dir - move target
As you read the scroll of blinking, it crumbles to dust.
You no longer feel sluggish.
Casting: Swiftness (safe; 0% risk of failure)
Confirm with . or Enter, or press ? or * to list all spells.
You feel quick.
The quicksilver elemental breathes dispelling energy at you.
The bolt of dispelling energy misses you.
The quicksilver elemental breathes dispelling energy at you.
The bolt of dispelling energy misses you.
The quicksilver elemental breathes dispelling energy at you.
The bolt of dispelling energy hits you!!
Your magical effects are unravelling.
* * * LOW HITPOINT WARNING * * *
You feel sluggish.
There is an open door here.
You feel much better. The juggernaut hits you!!!
You die...

..................8.*,,,,,+,,,,,,
..#.#.............8.*,,,,,*,,,,,,
.##*##..............*,,,,,*,,,,,,
9# ##...........#*****+**,,,*,,
.# #..........8.#...#......,*,*
.# ##.....9..8..#...'.....#####
.#####.........E..#...#.......#.#
..#.#§.......##C####'##.......#..
.C9..........#..@..#.............
..9..........#.....'.............
...E.........#.....#............)
.............#.....'...........).
.............#.....#............)
.##..##..##..#######...##...##...
************** ##############


You could see a juggernaut, a quicksilver elemental and a war gargoyle.

Vanquished Creatures
  Cerebov (Pan)
  the Royal Jelly (Slime:5)
  Ignacio (Pan)
  Gloorx Vloq (Pan)
  Lom Lobon (Pan)
  2 dread liches
  Mnoleg (Pan)
  2 ancient liches
  2 juggernauts
  The ghost of Ofarpheph the Warrior, an adept OgEE of Vehumet (Depths:2)
  Frederick (Vaults:3)
  Vashnia (Snake:4)
  Margery (Vaults:4)
  25 caustic shrikes
  Geryon (Hell)
  The ghost of cforsyth the Gelid, a veteran GnAr of Hepliaklqana (Elf:1)
  4 pandemonium lords (Pan)
  A bone dragon (Abyss:3)
  3 golden dragons
  Nikola (Swamp:1)
  6 Brimstone Fiends (Pan)
  6 iron giants
  4 Tzitzimimeh
  A hellephant (Pan)
  Jorgrun (Snake:1)
  A walking crystal tome (Depths:3)
  9 Hell Sentinels
  3 Ice Fiends (Pan)
  11 tentacled monstrosities
  A walking earthen tome (Depths:3)
  7 liches
  24 acid blobs
  8 titans
  3 deep elf blademasters
  2 deep elf master archers (Elf:3)
  Asterion (Vaults:3)
  4 tentacled starspawn
  6 sphinxes
  28 ancient champions
  27 Executioners
  Agnes (Vaults:3)
  A thorn hunter (Swamp:4)
  6 shadow dragons
  6 storm dragons
  A draconian monk (Depths:4)
  Aizul (Snake:1)
  11 nagarajas
  6 tengu reavers
  14 rockslimes
  Roxanne (D:15)
  4 revenants (Crypt:1)
  4 iron dragons
  6 frost giants
  8 azure jellies
  18 war gargoyles
  4 fire giants
  A draconian scorcher (Depths:4)
  6 quicksilver elementals
  8 deep elf sorcerers
  7 ghost moths (Pan)
  5 deep elf elementalists (Elf:3)
  12 demonspawn warmongers (Pan)
  14 vault wardens
  26 balrugs
  An angel (Pan)
  2 curse skulls (Pan)
  8 ghouls
  3 spriggan defenders (Depths:3)
  A draconian annihilator (Pan)
  10 reapers
  16 quicksilver oozes
  8 demonspawn corrupters
  7 demonspawn blood saints (Pan)
  2 orc warlords
  3 formless jellyfish
  9 ironbound thunderhulks
  47 very ugly things
  17 ironbound preservers
  22 cacodemons
  13 stone giants
  6 vampire knights
  6 eleionomae
  9 deep elf demonologists
  A minotaur (Gauntlet)
  A starflower (Abyss:3)
  23 lorocyprocas
  A yellow draconian (Depths:4)
  A green draconian (Depths:4)
  10 deep elf annihilators
  5 bunyips
  5 spark wasps (Depths:3)
  13 demonspawn black suns (Pan)
  3 white draconians (Depths:4)
  9 dire elephants
  A purple draconian (Depths:4)
  Snorg (Lair:4)
  24 iron golems
  An eidolon (Crypt:1)
  9 deep elf death magi
  24 green deaths
  7 ettins
  4 crystal guardians
  11 blizzard demons
  An entropy weaver (Vaults:4)
  A quicksilver dragon zombie (Depths:2)
  9 fire dragons
  12 yaktaur captains
  4 jiangshi (Crypt:1)
  6 rakshasas
  9 deep elf high priests
  A shambling mangrove (Swamp:4)
  Harold (Lair:1)
  11 ice dragons
  Fannar (Lair:3)
  13 ironbound frosthearts
  18 great orbs of eyes
  28 hydras
  8 hell beasts
  5 spriggan air magi
  2 ghost crabs
  2 salamander tyrants
  8 alligators
  3 catoblepae
  12 anacondas
  20 centaur warriors
  A two-headed ogre (D:9)
  36 vault guards
  3 ogre magi
  29 dancing weapons
  7 deep troll shamans
  11 boulder beetles
  The ghost of webuiltaworld the Cleaver, a novice HOFi (D:7)
  A death knight (Crypt:1)
  A tengu warrior (Depths:1)
  23 demonic crawlers (Pan)
  3 hell hogs (Hell)
  15 naga warriors
  8 deep troll earth magi
  Urug (Lair:2)
  6 vampire magi
  A death yak (Lair:1)
  7 shock serpents
  2 spriggan berserkers
  9 hell knights
  31 soul eaters
  7 orc high priests
  26 deep elf knights
  9 naga sharpshooters
  3 skysharks
  14 crystal echidnas
  96 sun demons
  8 shadow wraiths
  16 spriggans
  3 wretched stars (Abyss:3)
  An emperor scorpion zombie (Crypt:1)
  An anaconda zombie (Hell)
  59 deep trolls
  31 sixfirhies
  2 goliath frogs (Swamp:2)
  9 iron trolls
  6 salamander mystics
  3 orange crystal statues
  18 skeletal warriors
  A flayed ghost (Abyss:3)
  8 shadow demons (Pan)
  Pikel (D:5)
  2 tengu zombies
  9 naga ritualists
  11 bog bodies
  7 swamp dragons
  23 occultists
  10 ironbound convokers
  5 spriggan druids
  An obsidian statue (Elf:1)
  17 deep elf archers
  9 glowing orange brains
  2 anaconda skeletons (Pan)
  37 deep elf pyromancers
  A shadow dragon zombie (Depths:2)
  5 harpies (Vaults:2)
  9 phantasmal warriors
  31 deep elf zephyrmancers
  10 necromancers
  2 will-o-the-wisps
  53 large abominations
  7 lindwurms
  7 spectral spriggans (Swamp:1)
  7 orc knights
  An alligator zombie (Hell)
  7 orc sorcerers
  8 oklob plants
  A manticore (D:15)
  3 stone giant zombies
  38 ugly things
  3 mana vipers
  5 cyclopes
  12 guardian serpents
  20 salamanders
  A fire giant skeleton (Depths:1)
  17 elephants
  7 shining eyes
  2 stone giant skeletons
  13 naga magi
  2 ice statues
  12 vault sentinels
  2 torpor snails (shapeshifter)
  2 molten gargoyles (Hell)
  36 black mambas
  60 smoke demons
  An apocalypse crab (Abyss:4)
  2 eyes of devastation
  2 unseen horrors
  2 torpor snails (Lair:1)
  A centaur skeleton (Pan)
  45 orange demons
  A green draconian zombie (Crypt:1)
  39 hellions
  6 rime drakes
  A water nymph (WizLab)
  6 rust devils
  3 gargoyles
  14 komodo dragons
  A kobold demonologist (Depths:3)
  13 cane toads
  10 freezing wraiths
  A spriggan zombie (Depths:1)
  An anaconda simulacrum (IceCv)
  21 ice devils
  13 tormentors
  A yaktaur (shapeshifter) (Depths:2)
  A minotaur skeleton (Crypt:1)
  A tengu conjurer (D:14)
  7 red devils
  15 efreet
  An alligator snapping turtle skeleton (Pan)
  31 yaktaurs
  A troll (shapeshifter) (Depths:2)
  The ghost of Shayle the Ruffian, an amateur OgSh of Ashenzari (D:7)
  2 sea snake skeletons (Hell)
  A queen bee (D:12)
  45 hellwings (Pan)
  A human skeleton (Vaults:3)
  3 trolls
  A meliai (shapeshifter) (D:13)
  A wind drake (shapeshifter) (Vaults:2)
  10 tyrant leeches
  3 bloated husks
  2 hydra zombies (Hell)
  A polar bear (Lair:2)
  15 hornets
  Prince Ribbit (Bailey)
  3 meliai (D:12)
  16 blink frogs
  2 harpy skeletons (Pan)
  7 dream sheep (Lair:1)
  A stone giant simulacrum (Depths:1)
  112 slime creatures
  A culicivora (shapeshifter) (D:14)
  2 ettin skeletons
  6 shadows
  2 air elementals
  A dire elephant simulacrum (IceCv)
  An ice dragon skeleton (Pan)
  A slime creature (shapeshifter) (Elf:1)
  A vampire (D:12)
  12 water elementals
  7 wyverns
  7 wraiths
  3 fire elementals
  6 fire bats
  46 yaks
  A human (shapeshifter) (Depths:3)
  9 golden eyes
  14 starcursed masses (Abyss:3)
  7 humans
  26 ynoxinuls
  5 death yak simulacra (IceCv)
  21 neqoxecs
  A redback (shapeshifter) (Vaults:5)
  8 basilisks
  2 steam dragons
  16 chaos spawn
  A skyshark zombie (Crypt:1)
  A naga (shapeshifter) (Elf:3)
  6 wargs
  4 harpy simulacra (IceCv)
  15 swamp worms
  30 vampire mosquitoes
  49 nagas
  An acid dragon (D:10)
  16 water moccasins
  2 glass eyes
  A glowing shapeshifter skeleton (Vaults:2)
  2 hydra simulacra (IceCv)
  2 naga skeletons (Pan)
  15 hell hounds
  27 orc warriors
  A human zombie (Vaults:3)
  17 swamp drakes
  An ice beast (D:4)
  A sky beast (D:7)
  6 black bears
  4 ogres
  18 centaurs
  15 wolves
  2 wolves (shapeshifter) (Depths:2)
  3 centaurs (shapeshifter)
  4 phantoms
  An elf zombie (Elf:1)
  6 kobold brigands
  3 earth elementals
  17 bullfrogs
  2 necrophages (Crypt:1)
  A two-headed ogre simulacrum (IceCv)
  2 cane toad simulacra (IceCv)
  3 scorpions
  24 wights
  3 elephant simulacra (IceCv)
  33 killer bees
  2 electric eels
  A howler monkey (shapeshifter) (Depths:2)
  7 howler monkeys
  A wolf skeleton (Crypt:1)
  6 hounds
  18 orc priests
  3 jellies (Lair:1)
  A sleepcap (D:5)
  A gnoll bouda (D:5)
  Crazy Yiuf (D:5)
  Natasha (thrice) (D:2)
  3 iguanas
  15 orc wizards
  6 hell rats (Lair:5)
  7 polar bear simulacra (IceCv)
  2 small abominations (Abyss:3)
  2 troll simulacra (IceCv)
  3 wolf simulacra (IceCv)
  An ogre zombie (Crypt:1)
  A hound zombie (Crypt:1)
  9 gnolls
  An adder (shapeshifter) (Depths:2)
  A river rat (Sewer)
  11 adders
  3 white imps
  3 ufetubi
  An adder skeleton (Crypt:1)
  An adder zombie (Crypt:1)
  3 ribbon worms
  A ribbon worm (shapeshifter) (Depths:2)
  2 dart slugs
  95 orcs
  10 ball pythons
  19 endoplasms
  A giant cockroach (D:4)
  14 goblins
  8 hobgoblins
  2 jackals (Sewer)
  24 kobolds
  4 quokkas
  5 bats
  5 frilled lizards
  A goblin skeleton (D:7)
  A goblin zombie (D:7)
  A hobgoblin zombie (Crypt:1)
  A jackal skeleton (D:7)
  6 rats
  2 starspawn tentacles
3263 creatures vanquished.

Vanquished Creatures (collateral kills)
  An azure jelly (Slime:5)
  A starflower (Abyss:3)
  A wight (Abyss:3)
3 creatures vanquished.

Vanquished Creatures (others)
  A lich (Abyss:3)
  2 eldritch tentacles (Pan)
  A sixfirhy (Pan)
  4 occultists
  2 black mambas (Snake:1)
  An orange demon (Pan)
  A bloated husk (Swamp:1)
  A hornet (Swamp:3)
  A vampire mosquito (Swamp:1)
  A swamp worm (Swamp:3)
  An orc warrior (Vaults:5)
  An orc (D:8)
  3 ball lightnings (Pan)
  87 fire vortices
  22 foxfires
  9 starspawn tentacles
138 creatures vanquished.

Grand Total: 3404 creatures vanquished

Notes
Turn   | Place    | Note
-------+----------+-------------------------------------------
     0 | D:1      | xSliceyx the Deep Elf Air Elementalist began the quest for
                  | the Orb.
     0 | D:1      | Reached XP level 1. HP: 10/10 MP: 6/6
   344 | D:1      | Reached skill level 4 in Spellcasting
   344 | D:1      | Reached XP level 2. HP: 15/15 MP: 6/9
   383 | D:1      | Learned a level 2 spell: Static Discharge
   909 | D:2      | Reached skill level 5 in Spellcasting
   909 | D:2      | Reached XP level 3. HP: 19/19 MP: 5/11
  1097 | D:2      | Reached XP level 4. HP: 16/24 MP: 5/13
  1279 | D:2      | Reached skill level 1 in Fighting
  1450 | D:2      | Learned a level 3 spell: Swiftness
  1455 | D:2      | Learned a level 4 spell: Airstrike
  1459 | D:2      | Learned a level 3 spell: Teleport Other
  1527 | D:2      | Noticed Natasha
  1533 | D:2      | Killed Natasha
  1534 | D:2      | Reached XP level 5. HP: 27/30 MP: 7/14
  1655 | D:2      | You fall into a shaft and drop 1 floor!
  1663 | D:3      | Found a white marble altar of Elyvilon.
  1984 | D:2      | Noticed Natasha
  1987 | D:2      | Killed Natasha
  2107 | D:2      | Noticed Natasha
  2113 | D:2      | Killed Natasha
  2434 | D:3      | Found a bloodstained altar of Trog.
  2970 | D:4      | Noticed a phantom
  2971 | D:4      | Reached skill level 5 in Air Magic
  2976 | D:4      | Killed a phantom
  2977 | D:4      | Reached XP level 6. HP: 28/35 MP: 5/15
  3087 | D:4      | Found a staircase to the Ecumenical Temple.
  3094 | Temple   | Entered the Ecumenical Temple
  3158 | D:4      | Noticed an ice beast
  3166 | D:4      | Killed an ice beast
  3812 | D:4      | Reached XP level 7. HP: 40/40 MP: 10/16
  3921 | D:5      | Entered Level 5 of the Dungeon
  3932 | D:5      | Found a glowing drain.
  4084 | Sewer    | Entered a sewer
  4271 | Sewer    | Found a white marble altar of Elyvilon.
  4388 | D:5      | Noticed Pikel
  4395 | D:5      | Killed Pikel
  4396 | D:5      | Reached XP level 8. HP: 45/46 MP: 1/17
  4793 | D:5      | Reached skill level 6 in Spellcasting
  5236 | D:5      | Reached skill level 7 in Spellcasting
  5342 | D:5      | Identified the +3 long sword of Wisdom {venom, rF+ rC+ rN+
                  | Int+2}
  5440 | D:5      | Found a runed translucent door.
  5441 | D:5      | Noticed Crazy Yiuf
  5458 | D:5      | Killed Crazy Yiuf
  5598 | D:5      | Learned a level 3 spell: Gell's Gravitas
  5601 | D:5      | Learned a level 2 spell: Sublimation of Blood
  5608 | D:6      | Found an ornate altar of the Wu Jian Council.
  5679 | D:6      | Learned a level 2 spell: Blink
  5736 | D:6      | Reached XP level 9. HP: 50/50 MP: 15/21
  6016 | D:6      | Found a glowing silver altar of Zin.
  6046 | D:6      | Reached skill level 1 in Translocations
  6374 | D:6      | Reached skill level 1 in Shields
  7130 | D:6      | Found a radiant altar of Vehumet.
  7133 | D:6      | Found a shimmering altar of Xom.
  7138 | D:6      | Became a worshipper of Vehumet
  7238 | D:7      | Found a runed translucent gate.
  7238 | D:7      | Found a runed translucent gate.
  7239 | D:7      | Found a runed translucent gate.
  7242 | D:7      | Noticed webuiltaworld's ghost (novice HOFi)
  7242 | D:7      | Noticed Shayle's ghost (amateur OgSh)
  7280 | D:7      | Identified the +8 trident "Rameg" {speed, rF+}
  7283 | D:7      | Found Zygumeyv's Elemental Accessories.
  7918 | D:7      | Found a runed translucent door.
  7921 | D:7      | Found a basalt altar of Yredelemnul.
  7967 | D:7      | Reached * piety under Vehumet
  7967 | D:7      | Offered knowledge of Foxfire by Vehumet.
  8076 | D:7      | Learned a level 1 spell: Foxfire
  8111 | D:7      | Killed an unseen horror
  8112 | D:7      | Reached skill level 5 in Shields
  8245 | D:7      | Identified the +8 dagger of Shrieking Terror {venom, rF-
                  | rC+ Str+3 Int+3}
  8648 | D:8      | Found a staircase to the Lair.
  8648 | D:8      | Noticed an elephant
  8857 | D:8      | Reached XP level 10. HP: 40/56 MP: 11/22
  9021 | D:8      | Killed an elephant
  9022 | D:8      | Reached skill level 8 in Spellcasting
  9221 | D:8      | Reached skill level 9 in Spellcasting
  9891 | D:8      | Found an opulent altar of Gozag.
 10122 | D:9      | Noticed a two-headed ogre
 10250 | D:9      | Reached skill level 10 in Air Magic
 10250 | D:9      | Found a flagged portal.
 10326 | Bailey   | Entered a bailey
 10416 | Bailey   | Reached skill level 5 in Fire Magic
 10494 | Bailey   | Reached ** piety under Vehumet
 10498 | Bailey   | Offered knowledge of Mercury Vapours by Vehumet.
 10601 | Bailey   | Reached skill level 10 in Spellcasting
 10843 | Bailey   | Noticed Prince Ribbit
 10845 | Bailey   | Noticed a vault guard
 10847 | Bailey   | Killed Prince Ribbit
 10923 | Bailey   | Killed a vault guard
 11077 | Bailey   | Noticed a vault guard
 11081 | Bailey   | Killed a vault guard
 11082 | Bailey   | Reached XP level 11. HP: 61/61 MP: 14/27
 11390 | D:9      | Learned a level 2 spell: Mercury Vapours
 11754 | D:9      | Killed a two-headed ogre
 11900 | D:9      | Offered knowledge of Scorch by Vehumet.
 11903 | D:9      | Reached skill level 10 in Dodging
 12104 | D:9      | Found a shimmering blue altar of Sif Muna.
 12317 | D:9      | Noticed a centaur warrior
 12543 | D:9      | Reached *** piety under Vehumet
 12645 | D:9      | Learned a level 2 spell: Scorch
 12811 | D:9      | Found a shadowy altar of Dithmenos.
 12818 | D:9      | Killed a centaur warrior
 13052 | D:9      | Found a staircase to the Orcish Mines.
 13366 | D:7      | Bought Sif Muna's Book of the Torch for 704 gold pieces
 13431 | Lair:1   | Entered Level 1 of the Lair of Beasts
 13478 | Lair:1   | Noticed Harold
 13487 | Lair:1   | Killed Harold
 13734 | Lair:1   | Reached skill level 11 in Spellcasting
 13987 | Lair:1   | Offered knowledge of Ignite Poison by Vehumet.
 14254 | Lair:1   | Learned a level 6 spell: Plasma Beam
 14282 | Lair:1   | Reached skill level 12 in Spellcasting
 14458 | Lair:1   | Learned a level 4 spell: Ignite Poison
 14524 | Lair:1   | Reached XP level 12. HP: 57/66 MP: 18/30
 15015 | Lair:1   | Noticed a death yak
 15025 | Lair:1   | Killed a death yak
 15301 | Lair:1   | Reached **** piety under Vehumet
 15455 | Lair:1   | Offered knowledge of Iskenderun's Mystic Blast by Vehumet.
 15939 | Lair:2   | Noticed an eight-headed hydra
 15944 | Lair:2   | Killed an eight-headed hydra
 16535 | Lair:2   | Noticed an eleionoma
 16789 | Lair:2   | Noticed Urug
 16798 | Lair:2   | Killed Urug
 16799 | Lair:2   | Reached skill level 13 in Spellcasting
 16880 | Lair:2   | Killed an eleionoma
 16973 | Lair:2   | Learned a level 4 spell: Iskenderun's Mystic Blast
 16988 | Lair:2   | Found a staircase to the Swamp.
 17094 | Lair:2   | Found a staircase to the Snake Pit.
 17315 | Lair:3   | Noticed Fannar
 17328 | Lair:3   | Noticed a boulder beetle
 17400 | Lair:3   | Noticed a catoblepas
 17410 | Lair:2   | Killed a catoblepas
 17411 | Lair:2   | Reached skill level 5 in Translocations
 17661 | Lair:3   | Killed Fannar
 17662 | Lair:3   | Reached skill level 5 in Conjurations
 18174 | Lair:3   | Reached skill level 5 in Fighting
 18353 | Lair:3   | Reached XP level 13. HP: 72/72 MP: 12/32
 18781 | Lair:3   | Reached ***** piety under Vehumet
 19309 | Lair:3   | Offered knowledge of Iskenderun's Battlesphere by Vehumet.
 19611 | Lair:4   | Noticed Snorg
 19615 | Lair:4   | Killed Snorg
 21247 | Lair:4   | Found a viscous altar of Jiyva.
 21407 | Lair:4   | Found a staircase to the Slime Pits.
 22452 | Lair:5   | Entered Level 5 of the Lair of Beasts
 23866 | Lair:5   | Reached XP level 14. HP: 84/84 MP: 24/33
 24233 | Lair:5   | Reached skill level 14 in Spellcasting
 24659 | Lair:5   | Reached skill level 15 in Spellcasting
 25679 | Lair:5   | Found a burning altar of Makhleb.
 25685 | Lair:5   | Found a gateway to Hell.
 26048 | Orc:1    | Entered Level 1 of the Orcish Mines
 26114 | Orc:1    | Noticed an orc warlord
 26294 | D:9      | Identified the +5 spear of Greed {freeze, Dex+5}
 26487 | D:9      | Reached skill level 10 in Fire Magic
 26623 | D:10     | Entered Level 10 of the Dungeon
 26979 | D:10     | Found a sacrificial altar of Ru.
 27156 | D:10     | Found a transporter.
 27263 | D:10     | Found a transporter.
 27292 | D:10     | Found a transporter.
 27371 | D:10     | Found a blossoming altar of Fedhas.
 27835 | D:11     | Found a frozen archway.
 27892 | IceCv    | Entered an ice cave
 28325 | IceCv    | Reached skill level 15 in Air Magic
 28503 | IceCv    | Identified the +7 hand axe of Ocell {heavy, Str+2}
 28567 | IceCv    | Found an ancient bone altar of Kikubaaqudgha.
 28570 | IceCv    | Offered knowledge of Ozocubu's Refrigeration by Vehumet.
 29781 | D:11     | Reached XP level 15. HP: 91/91 MP: 7/36
 31083 | D:12     | Reached skill level 10 in Fighting
 32260 | D:13     | Offered knowledge of Arcjolt by Vehumet.
 33604 | D:13     | Found a gate to the Vaults.
 34512 | D:14     | Learned a level 5 spell: Arcjolt
 35127 | D:15     | Entered Level 15 of the Dungeon
 35241 | D:15     | Found an iron altar of Okawaru.
 35438 | D:15     | Reached skill level 15 in Dodging
 36132 | D:15     | Noticed Roxanne
 36877 | D:15     | Found a staircase to the Depths.
 37078 | Lair:1   | Identified a scroll of acquirement
 37079 | Lair:1   | Acquired 704 gold pieces
 37171 | Snake:1  | Entered Level 1 of the Snake Pit
 37177 | Lair:2   | HP: 4/96 [poisoned by a naga mage (bolt of poison)]
 37417 | Lair:2   | Reached XP level 16. HP: 55/101 MP: 30/37
 38899 | Snake:1  | Noticed Jorgrun
 38903 | Snake:1  | Killed Jorgrun
 39350 | Snake:1  | Noticed Aizul
 39358 | Snake:1  | Killed Aizul
 40268 | Snake:2  | Offered knowledge of Orb of Destruction by Vehumet.
 41840 | Snake:2  | Found a transporter.
 41844 | Snake:2  | Found the +1 cloak of Starlight {*Dazzle EV+4 Stlth--}
 42739 | Snake:2  | Found a transporter.
 44008 | Snake:4  | Entered Level 4 of the Snake Pit
 44015 | Snake:4  | Offered knowledge of Spellforged Servitor by Vehumet.
 44135 | Snake:4  | Reached XP level 17. HP: 112/112 MP: 15/38
 44299 | Snake:4  | Found Xyegoxao's Antique Armour Emporium.
 44301 | Snake:4  | Found Fahevas's Book Shoppe.
 44301 | Snake:4  | Found Hiheisi's Assorted Antiques.
 44304 | Snake:4  | Found Loawy's Magic Scroll Shoppe.
 44309 | Snake:4  | Bought a brightly glowing leather armour for 231 gold
                  | pieces
 44309 | Snake:4  | Identified the +1 leather armour of Wadeq Xats {rF++} (You
                  | bought it in a shop on level 4 of the Snake Pit)
 44313 | Snake:4  | Bought a scroll labelled CEAZAE LEMO for 40 gold pieces
 44313 | Snake:4  | Bought a scroll of identify for 80 gold pieces
 44316 | Snake:4  | Bought a scroll of enchant armour for 165 gold pieces
 44316 | Snake:4  | Bought a scroll of identify for 44 gold pieces
 44316 | Snake:4  | Bought a scroll of identify for 44 gold pieces
 44316 | Snake:4  | Bought a scroll of enchant armour for 165 gold pieces
 44316 | Snake:4  | Bought a scroll of blinking for 165 gold pieces
 44596 | Snake:4  | Reached skill level 15 in Fighting
 44841 | Snake:4  | Reached skill level 16 in Spellcasting
 45041 | Snake:4  | Noticed Vashnia
 45170 | Snake:4  | Killed Vashnia
 45293 | Snake:4  | Reached skill level 17 in Spellcasting
 45342 | Snake:4  | Got a serpentine rune of Zot
 45851 | Snake:4  | Reached ****** piety under Vehumet
 46685 | Orc:2    | Entered Level 2 of the Orcish Mines
 46743 | Orc:2    | Found a staircase to the Elven Halls.
 46772 | Orc:2    | Found a gate leading to a gauntlet.
 46777 | Gauntlet | Entered a Gauntlet
 46777 | Gauntlet | Found a transporter.
 46780 | Gauntlet | Found a transporter.
 46800 | Gauntlet | Found a transporter.
 46800 | Gauntlet | Found a transporter.
 46820 | Gauntlet | Found a transporter.
 46833 | Gauntlet | Found a transporter.
 46846 | Gauntlet | Found a transporter.
 46866 | Gauntlet | Found a transporter.
 46870 | Gauntlet | Found a transporter.
 46872 | Gauntlet | Found a runed translucent gate.
 46872 | Gauntlet | Found a runed translucent gate.
 46878 | Gauntlet | Found a transporter.
 46886 | Gauntlet | Found a runed translucent gate.
 46904 | Gauntlet | Found a transporter.
 46905 | Gauntlet | Found a transporter.
 47002 | Gauntlet | Identified the ring "Zucs" {*Corrode rC+++ rN+ Str+2 SInv}
 47170 | Gauntlet | Identified the ring of the Distant Future {*Slow EV+5 Dex+5
                  | Stlth+}
 47194 | Gauntlet | Identified the ring of Nodaut {*Slow rPois Will+ rCorr}
 47195 | Gauntlet | Got Caruwo's Discursus on the Polar Squall
 47207 | Gauntlet | Learned a level 8 spell: Maxwell's Capacitive Coupling
 47682 | Orc:2    | Offered knowledge of Yara's Violent Unravelling by Vehumet.
 47901 | Orc:2    | Found Quirig's Armour Shoppe.
 47901 | Orc:2    | Found Jillidd's Armour Shoppe.
 47917 | Orc:2    | Found Covilali's Antique Weapon Boutique.
 47917 | Orc:2    | Found Omonu's Distillery.
 47924 | Orc:2    | Bought a +1 pair of boots of flying for 198 gold pieces
 47955 | Orc:2    | Bought a potion of heal wounds for 70 gold pieces
 47955 | Orc:2    | Bought a potion of enlightenment for 70 gold pieces
 47955 | Orc:2    | Bought a potion of ambrosia for 112 gold pieces
 47955 | Orc:2    | Bought a potion of mutation for 112 gold pieces
 47957 | Orc:2    | Bought the +4 ring mail of a treasure trove {Int+5} for 622
                  | gold pieces
 48701 | Swamp:1  | Entered Level 1 of the Swamp
 48811 | Swamp:1  | Noticed Nikola
 48819 | Swamp:1  | Killed Nikola
 49076 | Swamp:1  | Offered knowledge of Conjure Ball Lightning by Vehumet.
 49124 | Swamp:1  | Reached XP level 18. HP: 119/119 MP: 39/41
 51134 | Swamp:2  | Upgraded the game from 0.31-a0-618-g7ca08c1ff9 to
                  | 0.31-a0-620-gd1cbd99268
 51553 | Swamp:3  | Offered knowledge of Fire Storm by Vehumet.
 51553 | Swamp:3  | Offered knowledge of Polar Vortex by Vehumet.
 51553 | Swamp:3  | Offered knowledge of Ignition by Vehumet.
 51792 | Swamp:3  | Reached skill level 18 in Spellcasting
 52197 | Swamp:4  | Entered Level 4 of the Swamp
 53484 | Swamp:4  | Got a decaying rune of Zot
 54088 | Elf:1    | Entered Level 1 of the Elven Halls
 54207 | Elf:1    | Reached skill level 19 in Spellcasting
 54249 | Elf:1    | Got the Spellbook of the Volcano
 54270 | Elf:1    | Found Regannopn's Distillery.
 54274 | Elf:1    | Found Ahofec's Book Shoppe.
 54278 | Elf:1    | Bought a potion of brilliance for 72 gold pieces
 54278 | Elf:1    | Bought a potion of heal wounds for 90 gold pieces
 54278 | Elf:1    | Bought 2 potions of curing for 108 gold pieces
 54278 | Elf:1    | Bought a potion of curing for 54 gold pieces
 54278 | Elf:1    | Bought a potion of mutation for 144 gold pieces
 54278 | Elf:1    | Bought a potion of curing for 54 gold pieces
 54278 | Elf:1    | Bought a potion of heal wounds for 90 gold pieces
 54278 | Elf:1    | Bought a potion of curing for 54 gold pieces
 54278 | Elf:1    | Bought a potion of enlightenment for 90 gold pieces
 54278 | Elf:1    | Bought a potion of ambrosia for 144 gold pieces
 54409 | Elf:1    | Reached XP level 19. HP: 69/125 MP: 14/44
 54893 | Elf:1    | Paralysed by an air elemental for 1 turns
 55045 | Elf:1    | Found a runed translucent gate.
 55045 | Elf:1    | Found an opulent altar of Gozag.
 55045 | Elf:1    | Found a runed translucent gate.
 55046 | Elf:1    | Found a runed translucent gate.
 55046 | Elf:1    | Noticed cforsyth's ghost (veteran GnAr)
 55047 | Elf:1    | Found Zeicwypi's Assorted Antiques.
 55117 | Elf:1    | Found a radiant altar of Vehumet.
 55443 | Elf:1    | Killed cforsyth's ghost
 56689 | Elf:2    | Found a runed translucent gate.
 56690 | Elf:2    | Found a runed translucent gate.
 56690 | Elf:2    | Found a runed translucent gate.
 57477 | Elf:2    | Reached skill level 10 in Shields
 58049 | Elf:3    | Entered Level 3 of the Elven Halls
 60142 | Elf:3    | Identified the +4 mace of Generosity {flame, *Slow rF+
                  | rCorr}
 60142 | Elf:3    | Identified the amulet "Pinyn" {Acrobat rN+ rCorr Slay-2}
 60832 | Elf:3    | Identified the +7 battleaxe of Moderation {antimagic, Drain
                  | rCorr Int+9 Stlth-}
 60836 | Elf:3    | Reached XP level 20. HP: 131/131 MP: 38/45
 61448 | Elf:3    | Identified the +3 leather armour of Dithmenos's Generosity
                  | {rCorr Int+4}
 61457 | Elf:3    | Identified the amulet of the Several Servitors {RegenMP
                  | Int+2}
 63748 | Elf:1    | Bought a potion of ambrosia for 224 gold pieces
 63748 | Elf:1    | Bought a scroll of fear for 112 gold pieces
 64058 | Lair:1   | Upgraded the game from 0.31-a0-620-gd1cbd99268 to
                  | 0.31-a0-640-g39d97e502b
 64274 | D:7      | Killed Shayle's ghost
 64277 | D:7      | Killed webuiltaworld's ghost
 64486 | D:10     | Found a transporter.
 64625 | D:15     | Killed Roxanne
 64802 | Vaults:1 | Entered Level 1 of the Vaults
 67415 | Vaults:2 | Reached skill level 10 in Conjurations
 67662 | Vaults:2 | Found a magical portal.
 67671 | WizLab   | Entered Alistair's Party Mansion
 67801 | WizLab   | Reached XP level 21. HP: 136/136 MP: 21/46
 68346 | WizLab   | Learned a level 8 spell: Ignition
 68418 | WizLab   | Reached skill level 15 in Conjurations
 68449 | WizLab   | Paralysed by a sphinx for 5 turns
 68455 | WizLab   | Paralysed by a sphinx for 4 turns
 68627 | WizLab   | Noticed a golden dragon
 69124 | WizLab   | Acquired the ring of Due Proportion {rElec rN+ Int+3}
 70042 | Vaults:2 | Found a staircase to the Crypt.
 70042 | Vaults:2 | Found an ancient bone altar of Kikubaaqudgha.
 70043 | Vaults:2 | Found a basalt altar of Yredelemnul.
 71256 | Vaults:3 | Reached skill level 15 in Fire Magic
 71330 | Vaults:3 | Found Salualen's Antique Armour Emporium.
 71944 | Vaults:3 | Identified the +0 rapier "Veutijov" {flame, rElec rF- Str-5
                  | SInv}
 71986 | Vaults:3 | Noticed Asterion
 71991 | Vaults:3 | Killed Asterion
 72143 | Vaults:3 | Noticed Agnes
 72148 | Vaults:3 | Noticed Frederick
 72149 | Vaults:3 | Killed Agnes
 72156 | Vaults:3 | Killed Frederick
 72664 | Vaults:3 | You are sucked into a shaft and drop 1 floor!
 73911 | Vaults:3 | Bought a pitted chain mail for 370 gold pieces
 73911 | Vaults:3 | Identified the +7 chain mail of Zaukoas {rPois rC- Str-3
                  | Dex+8} (You bought it in a shop on level 3 of the Vaults)
 74009 | Vaults:4 | Reached XP level 22. HP: 142/142 MP: 33/47
 74133 | Vaults:4 | Reached skill level 20 in Spellcasting
 74770 | Vaults:4 | Found Ozxamn's Armour Emporium.
 75008 | Vaults:4 | Noticed Margery
 75012 | Vaults:4 | Killed Margery
 75647 | Vaults:5 | Entered Level 5 of the Vaults
 75649 | Vaults:5 | Reached skill level 21 in Spellcasting
 76012 | Vaults:5 | Identified the +9 quarterstaff of the Sage {flame, Int+6}
 76395 | Vaults:5 | Noticed a golden dragon
 76404 | Vaults:5 | Killed a golden dragon
 76924 | Vaults:5 | Noticed a dread lich
 77084 | Vaults:4 | Killed a dread lich
 77239 | Vaults:5 | Noticed a golden dragon
 77244 | Vaults:5 | Killed a golden dragon
 77533 | Vaults:5 | Identified the +9 spear "Cuann" {speed, rF+ Dex+2}
 77596 | Vaults:5 | Identified the +4 broad axe of the Two Names {elec, rPois
                  | Stlth+}
 77682 | Vaults:5 | Identified the +10 longbow of the Salmon {flame, Str+2}
 77845 | Vaults:5 | Identified the +2 pair of gloves "Wuwigyta" {Int+3}
 77875 | Vaults:5 | Identified the +10 mace "Goadit" {spect, rPois Will+ Int+2}
 77937 | Vaults:5 | Identified the +2 helmet of the Hecatoncheires {Harm rC-
                  | Int+3 Dex+3}
 77952 | Vaults:5 | Found Syzoic's Antique Weapon Emporium.
 78176 | Vaults:5 | Identified the +0 buckler of the Wild Haggis {rElec rC- rN+
                  | Int+4}
 78188 | Vaults:5 | Identified the ring "Onwe" {+Blink rElec rN+ MP+9 Stlth+}
 78506 | Vaults:5 | Got a silver rune of Zot
 78714 | Vaults:5 | Got the Volume of Fog and Death
 79030 | Vaults:5 | Reached XP level 23. HP: 147/147 MP: 40/50
 79613 | Lair:1   | Learned a level 9 spell: Chain Lightning
 79633 | Lair:1   | Acquired the +2 pair of gloves of Pantheism {Regen+ Str+4
                  | Int+2}
 79650 | Lair:1   | Acquired 999 gold pieces
 80046 | Lair:1   | Upgraded the game from 0.31-a0-640-g39d97e502b to
                  | 0.31-a0-662-g684573625c
 80206 | Depths:1 | Entered Level 1 of the Depths
 80460 | Depths:1 | Found Hohaogup's Jewellery Boutique.
 80589 | Depths:1 | Reached skill level 22 in Spellcasting
 81607 | Depths:1 | Found Oprir's Armour Shop.
 81625 | Depths:1 | Found a one-way gateway to a ziggurat.
 81638 | Depths:1 | Found Hahuim's Magic Scroll Shop.
 81643 | Depths:1 | Bought a scroll of acquirement for 1040 gold pieces
 81643 | Depths:1 | Bought a scroll of teleportation for 60 gold pieces
 81643 | Depths:1 | Bought a scroll of summoning for 190 gold pieces
 81643 | Depths:1 | Bought a scroll of amnesia for 80 gold pieces
 81643 | Depths:1 | Bought 2 scrolls of fear for 160 gold pieces
 81643 | Depths:1 | Acquired 595 gold pieces
 81788 | Depths:1 | Found Baemif's Book Shop.
 81938 | Depths:1 | Found Dalun's Magic Scroll Shoppe.
 81944 | Depths:1 | Bought a scroll of acquirement for 988 gold pieces
 81944 | Depths:1 | Bought a scroll of fog for 76 gold pieces
 81944 | Depths:1 | Acquired 734 gold pieces
 81993 | Depths:1 | Found a glowing golden altar of the Shining One.
 82368 | Depths:2 | Reached skill level 23 in Spellcasting
 82565 | Depths:2 | Found a one-way gate leading to the halls of Pandemonium.
 83001 | Depths:2 | Learned a level 9 spell: Fire Storm
 83892 | Depths:2 | You are sucked into a shaft and drop 2 floors!
 83892 | Depths:4 | Entered Level 4 of the Depths
 84165 | Depths:3 | Reached skill level 1 in Evocations
 84398 | Depths:3 | HP: 7/147 [poisoned by a golden dragon (poison gas)]
 84403 | Depths:3 | HP: 6/147 [poisoned by a golden dragon (poison gas)]
 84588 | Depths:3 | Found a sparkling altar of Nemelex Xobeh.
 84681 | Depths:3 | Noticed a juggernaut
 84686 | Depths:3 | Killed a juggernaut
 84845 | Depths:2 | Found a runed translucent gate.
 84848 | Depths:2 | Found a runed translucent gate.
 84849 | Depths:2 | Found a runed translucent gate.
 85145 | Depths:2 | Reached skill level 5 in Evocations
 85362 | Depths:2 | Reached XP level 24. HP: 149/152 MP: 52/52
 85396 | Depths:2 | Found a runed translucent gate.
 85396 | Depths:2 | Found a runed translucent gate.
 85400 | Depths:2 | Found a runed translucent gate.
 85401 | Depths:2 | Noticed Ofarpheph's ghost (adept OgEE)
 85426 | Depths:2 | Gained mutation: Armour fits poorly on your strangely
                  | shaped body. [a cacodemon]
 85430 | Depths:2 | Killed Ofarpheph's ghost
 85492 | Depths:2 | Identified the -2 cloak of the Holding Gods {Str+3 Int+2}
 85563 | Depths:2 | Gained mutation: You occasionally lose the ability to drink
                  | potions when taking damage. [mutagenic glow]
 86124 | Depths:2 | Lost mutation: Armour fits poorly on your strangely shaped
                  | body. [potion of mutation]
 86124 | Depths:2 | Lost mutation: You occasionally lose the ability to drink
                  | potions when taking damage. [potion of mutation]
 86124 | Depths:2 | Gained mutation: You occasionally lose the ability to read
                  | scrolls when taking damage. [potion of mutation]
 86124 | Depths:2 | Gained mutation: You are robust. (+10% HP) [potion of
                  | mutation]
 86124 | Depths:2 | Gained mutation: You have hidden genetic potential. [potion
                  | of mutation]
 86125 | Depths:2 | Lost mutation: You have hidden genetic potential. [potion
                  | of mutation]
 86125 | Depths:2 | Lost mutation: You are robust. (+10% HP) [potion of
                  | mutation]
 86125 | Depths:2 | Gained mutation: You have sharp toenails. [potion of
                  | mutation]
 86125 | Depths:2 | Lost mutation: You occasionally lose the ability to read
                  | scrolls when taking damage. [potion of mutation]
 86125 | Depths:2 | Lost mutation: You have sharp toenails. [potion of
                  | mutation]
 87189 | Depths:3 | Noticed a dread lich
 87406 | Depths:3 | Identified the scarf "Okicunox" {shadows, +Blink Dex+4
                  | SInv}
 87701 | Depths:3 | Found a one-way gate to the infinite horrors of the Abyss.
 88097 | Depths:4 | Found Fash's General Store.
 88132 | Depths:4 | Reached skill level 10 in Evocations
 88609 | Depths:4 | Found a gate to the Realm of Zot.
 88885 | Depths:4 | Found a broken altar of Ashenzari.
 89929 | Slime:1  | Entered Level 1 of the Pits of Slime
 90809 | Slime:3  | Gained mutation: You have supernaturally acute eyesight.
                  | (SInv) [a shining eye]
 91908 | Slime:1  | You are sucked into a shaft and drop 1 floor!
 92682 | Slime:5  | Entered Level 5 of the Pits of Slime
 93014 | Slime:5  | Reached skill level 15 in Evocations
 95095 | Slime:5  | Found a viscous altar of Jiyva.
 95501 | Slime:5  | Noticed the Royal Jelly
 95505 | Slime:5  | Killed the Royal Jelly
 95506 | Slime:5  | Reached XP level 25. HP: 157/157 MP: 48/52
 95880 | Slime:5  | Got a slimy rune of Zot
 95888 | Slime:5  | Identified the +4 quarterstaff of Vaah {heavy, rN++ Int+5
                  | Dex-3}
 96101 | Slime:5  | Identified the staff "Boeciawe" {rF+ rC+ Will+ Ice}
 96102 | Slime:5  | Identified the +5 glaive "Puihan" {protect, Will+ Str+2
                  | Int+2}
 96111 | Slime:5  | Got the Anthology of Luminous Companions
 97454 | Depths:3 | Voluntarily entered the Abyss.
 97555 | Abyss:3  | Found a corrupted altar of Lugonu.
 97555 | Abyss:3  | Found a corrupted altar of Lugonu.
 97560 | Abyss:3  | Found a corrupted altar of Lugonu.
 97563 | Abyss:3  | Got an abyssal rune of Zot
 97731 | Depths:3 | Escaped the Abyss
 97860 | Pan      | Entered Pandemonium
 98685 | Pan      | Gained mutation: Your spells are a little easier to cast,
                  | but a little less powerful. [a cacodemon]
 98702 | Pan      | Noticed Juosiut the pandemonium lord
 98719 | Pan      | Killed Juosiut the pandemonium lord
 98771 | Pan      | Noticed Ignacio
 98775 | Pan      | Killed Ignacio
 99349 | Pan      | Gained mutation: You are vulnerable to cold. (rC-) [a
                  | cacodemon]
 99407 | Pan      | Found an exit through the horrors of the Abyss.
 99820 | Pan      | Noticed Qiomuelea the pandemonium lord
 99824 | Pan      | Killed Qiomuelea the pandemonium lord
100986 | Pan      | Noticed Viaskim the pandemonium lord
100991 | Pan      | Killed Viaskim the pandemonium lord
101529 | Pan      | Reached XP level 26. HP: 163/163 MP: 52/52
101655 | Pan      | Got a demonic rune of Zot
101666 | Pan      | Got the Volume of Leaden Necromancy
101798 | Pan      | Entered the realm of Cerebov.
102398 | Pan      | Identified the ring "Nagaigeh" {rF+ rN+ Int+3}
103182 | Pan      | Found an exit through the horrors of the Abyss.
103386 | Pan      | Identified the +12 dire flail "Spiderslayer" {venom, rElec
                  | Str+2 Stlth-}
103386 | Pan      | Identified the ring "Diplymohur" {Fire Str+3}
103598 | Pan      | Identified the +7 mace of Uskayaw's Castigation {heavy,
                  | Will+ Str+2}
103714 | Pan      | Identified the +8 chain mail of Nesue {Str+2}
103716 | Pan      | Got the Codex of the Fulgurous Fair Folk
103719 | Pan      | Identified the +5 falchion of the Writhing Scavenger
                  | {heavy, rF+}
103735 | Pan      | Lost mutation: Your spells are a little easier to cast, but
                  | a little less powerful. [potion of mutation]
103735 | Pan      | Lost mutation: You are vulnerable to cold. (rC-) [potion of
                  | mutation]
103735 | Pan      | Gained mutation: You expend magic power (3 MP) to
                  | strengthen your wands. [potion of mutation]
103735 | Pan      | Gained mutation: Your system is resistant to poisons.
                  | (rPois) [potion of mutation]
103762 | Pan      | Got the Papyrus of Reformation and Topology
103769 | Pan      | Identified the +0 plate armour of the Gate {Harm}
103861 | Pan      | Identified the staff of Abuse {Will+ MP-9 Str+3 Conj}
103873 | Pan      | Found the +6 sword of Cerebov {flame}
103873 | Pan      | Noticed Cerebov
103878 | Pan      | Killed Cerebov
103885 | Pan      | Got a fiery rune of Zot
103914 | Pan      | Identified the +6 sling of Infinite Pain {heavy, *Slow rC+
                  | rN+ Dex+3}
104514 | Pan      | Gained mutation: Potions are less effective at restoring
                  | your health. [a cacodemon]
104678 | Pan      | Lost mutation: Your system is resistant to poisons. (rPois)
                  | [potion of mutation]
104678 | Pan      | Lost mutation: Potions are less effective at restoring your
                  | health. [potion of mutation]
104678 | Pan      | Lost mutation: You have supernaturally acute eyesight.
                  | (SInv) [potion of mutation]
104678 | Pan      | Gained mutation: You passively dampen the noise of your
                  | surroundings. [potion of mutation]
104678 | Pan      | Gained mutation: You are strong-willed. (Will+) [potion of
                  | mutation]
104678 | Pan      | Gained mutation: You have a pair of small horns on your
                  | head. [potion of mutation]
105025 | Pan      | Found an exit through the horrors of the Abyss.
105034 | Pan      | Identified the +0 hand axe "Haokhokyst" {speed, rC+}
105075 | Pan      | Found an exit through the horrors of the Abyss.
105372 | Pan      | Entered the realm of Lom Lobon.
106222 | Pan      | Found an exit through the horrors of the Abyss.
107278 | Pan      | Reached XP level 27. HP: 109/176 MP: 49/52
107280 | Pan      | Noticed Lom Lobon
107846 | Pan      | Killed Lom Lobon
107903 | Pan      | Reached skill level 24 in Spellcasting
107998 | Pan      | Got a magical rune of Zot
108140 | Pan      | Entered the realm of Gloorx Vloq.
108360 | Pan      | Identified the +5 plate armour "Jaoge" {rElec rCorr Dex-5}
108388 | Pan      | Noticed Gloorx Vloq
108392 | Pan      | Killed Gloorx Vloq
108508 | Pan      | Got a dark rune of Zot
110076 | Pan      | Noticed Adexkot the pandemonium lord
110081 | Pan      | Killed Adexkot the pandemonium lord
110928 | Pan      | Reached skill level 25 in Spellcasting
111686 | Pan      | Reached skill level 26 in Spellcasting
111934 | Pan      | Found a runed translucent door.
111937 | Pan      | Entered the realm of Mnoleg.
112003 | Pan      | Gained mutation: You have hidden genetic defects. [a
                  | cacodemon]
112200 | Pan      | Noticed Mnoleg
112297 | Pan      | Killed Mnoleg
112445 | Pan      | Reached skill level 27 in Spellcasting
112921 | Pan      | Gained mutation: Your body sometimes deteriorates upon
                  | taking damage. [a neqoxec]
112925 | Pan      | Gained mutation: You have a somewhat thin skeletal
                  | structure. (Dex +2, Stealth+) [a neqoxec]
113078 | Pan      | Gained mutation: Your body often deteriorates upon taking
                  | damage. [a cacodemon]
113086 | Pan      | Gained mutation: You are occasionally teleported next to
                  | monsters. [hidden defects]
113238 | Pan      | Got a glowing rune of Zot
113415 | Pan      | Found an exit through the horrors of the Abyss.
113432 | Pan      | Took an exit into the Abyss.
113432 | Abyss:3  | Escaped into the Abyss
113590 | Abyss:3  | Found a corrupted altar of Lugonu.
113609 | Abyss:4  | Found a corrupted altar of Lugonu.
113760 | Depths:4 | Escaped the Abyss
113891 | Depths:4 | Lost mutation: You have a somewhat thin skeletal structure.
                  | (Dex +2, Stealth+) [potion of mutation]
113891 | Depths:4 | Lost mutation: You are occasionally teleported next to
                  | monsters. [potion of mutation]
113891 | Depths:4 | Lost mutation: You have hidden genetic defects. [potion of
                  | mutation]
113891 | Depths:4 | Gained mutation: You are frail. (-10% HP) [potion of
                  | mutation]
113891 | Depths:4 | Gained mutation: You have hidden genetic potential. [potion
                  | of mutation]
113892 | Depths:4 | Lost mutation: You have a pair of small horns on your head.
                  | [potion of mutation]
113892 | Depths:4 | Lost mutation: You are strong-willed. (Will+) [potion of
                  | mutation]
113892 | Depths:4 | Gained mutation: Your magical capacity is low. (-10% MP)
                  | [potion of mutation]
113893 | Depths:4 | Lost mutation: You passively dampen the noise of your
                  | surroundings. [potion of mutation]
113893 | Depths:4 | Lost mutation: Your body often deteriorates upon taking
                  | damage. [potion of mutation]
113893 | Depths:4 | Gained mutation: You have sharp toenails. [potion of
                  | mutation]
113894 | Depths:4 | Lost mutation: Your magical capacity is low. (-10% MP)
                  | [potion of mutation]
113894 | Depths:4 | Lost mutation: You have sharp toenails. [potion of
                  | mutation]
113894 | Depths:4 | Lost mutation: Your body sometimes deteriorates upon taking
                  | damage. [potion of mutation]
113894 | Depths:4 | Gained mutation: Armour fits poorly on your strangely
                  | shaped body. [potion of mutation]
113894 | Depths:4 | Gained mutation: You passively map a small area around you.
                  | [potion of mutation]
113895 | Depths:4 | Lost mutation: You passively map a small area around you.
                  | [potion of mutation]
113895 | Depths:4 | Lost mutation: You have hidden genetic potential. [potion
                  | of mutation]
113895 | Depths:4 | Gained mutation: You are dopey. (Int -2) [potion of
                  | mutation]
113895 | Depths:4 | Lost mutation: You are dopey. (Int -2) [potion of mutation]
113896 | Depths:4 | Lost mutation: Armour fits poorly on your strangely shaped
                  | body. [potion of mutation]
113896 | Depths:4 | Lost mutation: You expend magic power (3 MP) to strengthen
                  | your wands. [potion of mutation]
113896 | Depths:4 | Lost mutation: You are frail. (-10% HP) [potion of
                  | mutation]
113896 | Depths:4 | Gained mutation: You have very sharp teeth. [potion of
                  | mutation]
113896 | Depths:4 | Gained mutation: Your magical capacity is low. (-10% MP)
                  | [potion of mutation]
113896 | Depths:4 | Gained mutation: You have a pair of small antennae on your
                  | head. [potion of mutation]
113897 | Depths:4 | Lost mutation: Your magical capacity is low. (-10% MP)
                  | [potion of mutation]
113897 | Depths:4 | Lost mutation: You have very sharp teeth. [potion of
                  | mutation]
113897 | Depths:4 | Gained mutation: You passively map a small area around you.
                  | [potion of mutation]
113897 | Depths:4 | Gained mutation: You are robust. (+10% HP) [potion of
                  | mutation]
113897 | Depths:4 | Gained mutation: Your mind is acute. (Int +4, Str/Dex -1)
                  | [potion of mutation]
114595 | Lair:1   | Learned a level 2 spell: Sublimation of Blood
114600 | Lair:1   | Learned a level 4 spell: Passage of Golubria
114603 | Lair:1   | Learned a level 2 spell: Lesser Beckoning
114607 | Lair:1   | Learned a level 3 spell: Ozocubu's Armour
114810 | Depths:1 | Upgraded the game from 0.31-a0-662-g684573625c to
                  | 0.31-a0-1620-gcbf77bbcfc
114812 | Hell     | Entered the Vestibule of Hell
114812 | Hell     | Noticed Geryon
114815 | Hell     | Killed Geryon
114816 | Hell     | Reached skill level 1 in Necromancy
115514 | Hell     | Found a gateway to the ashen valley of Gehenna.
115798 | Hell     | Reached skill level 5 in Necromancy
115830 | Hell     | Found a gateway to the freezing wastes of Cocytus.
115946 | Hell     | Found a gateway to the Iron City of Dis.
116015 | Hell     | Found a gateway to the decaying netherworld of Tartarus.
116276 | Dis:1    | Entered Level 1 of the Iron City of Dis
117024 | Dis:4    | Noticed a juggernaut
117043 | Hell     | Killed a juggernaut
118568 | Dis:6    | Noticed an ancient lich
118571 | Dis:6    | Killed an ancient lich
119364 | Crypt:1  | Entered Level 1 of the Crypt
120293 | Crypt:1  | Noticed a dread lich
120297 | Crypt:1  | Killed a dread lich
120877 | Crypt:1  | Found a runed translucent door.
121300 | Crypt:1  | Noticed an ancient lich
121309 | Crypt:1  | Killed an ancient lich
121924 | Dis:7    | Entered Level 7 of the Iron City of Dis
122363 | Dis:7    | Noticed a juggernaut
122381 | Dis:7    | Slain by a juggernaut

Illustrated notes

Levels and vault maps discovered:
D:1:      minmay_arrival_four_loops, layout_basic
D:2:      layout_rooms, uniq_natasha
D:3:      layout_rooms, mainiacjoe_overflow_cross_hatched, elyvilon_altar_1,
          serial_rivers, chequers_serial_rivers_room_a,
          chequers_serial_rivers_small_a, chequers_serial_rivers_small_3,
          chequers_serial_rivers_micro_d, chequers_serial_rivers_micro_b,
          chequers_serial_rivers_small_3
D:4:      layout_loops_ring, minmay_temple_entry_wispy
D:5:      layout_rooms, cheibrodos_sewer_entry_sluice, uniq_crazy_yiuf_cottage,
          uniq_pikel
D:6:      layout_basic, lemuel_tele_altar, minitemple,
          mainiacjoe_overflow_small_starburst
D:7:      layout_rooms, dk_yredelemnul_ordeal, gammafunk_ghost_cemetery,
          nicolae_elemental_shop, minmay_misc_feat_rows
D:8:      layout_basic, nicolae_gozag_seed_capital, david_lair_generic
D:9:      layout_basic, grunt_dithmenos_smoke, tgw_sif, hiddenorc1_lemuel,
          enter_bailey_3, grunt_ministairs_1, minmay_evil_grid
D:10:     layout_rooms, nicolae_ru_great_annihilating_truth, fedhas_altar_4,
          nicolae_diode_intersection
D:11:     layout_loops_cross, portal_ice_cave_rime
D:12:     layout_loops_ring, special_room [special_room_bee], kennysheep_dice
D:13:     layout_layer_cave, grunt_vaults_entry_fortified, minmay_misc_feat_iff
D:14:     layout_small_grid, dk_noncrumbling_2, minmay_misc_feat_cross
D:15:     hangedman_depths_entry_try_elsewhere_first, layout_basic,
          minmay_door_square, okawaru_metal_pillars_1_2, uniq_roxanne
Temple:   eino_wide_crystal_templ
Lair:1:   lemuel_slime, layout_long_grid, serial_bayou_shore_b,
          grunt_megastairs_5, serial_bayou_shore_a, uniq_harold
Lair:2:   layout_hall_layers, alex1729_swamp_entry_worm_eleionoma,
          guppyfry_snake_entry_island, infiniplex_staircase_pool_2, uniq_urug
Lair:3:   layout_regular_city, lemuel_fruit_tree, grunt_megastairs_3,
          uniq_fannar
Lair:4:   beargit_carnivore_pack, layout_regular_city,
          minmay_slime_entry_oklob_enclosed, infiniplex_staircase_pool,
          uniq_snorg
Lair:5:   evil_forest, layout_loops_ring, serial_bayou_pond_a
Swamp:1:  nicolae_swamp_flooded_prison, layout_basic_swamp,
          evilmike_swamp_ruin_rubble_1, uniq_nikola
Swamp:2:  layout_basic_swamp, nicolae_swamp_feature_on_the_river_bank,
          swamp_pool5
Swamp:3:  layout_basic_swamp, evilmike_swamp_ruin_house_1, swamp_pool1,
          hangedman_swamp_grove
Swamp:4:  swamp_basic_johnstein, layout_basic_swamp
Snake:1:  layout_basic, drop_trap, evilmike_ambush [evilmike_ambush_outer_basic,
          evilmike_ambush_inner_basic], uniq_aizul, uniq_jorgrun
Snake:2:  gammafunk_the_bubble [the_bubble_gammafunk_plus_minus],
          layout_chambers, nicolae_snake_salamander_jacuzzi
Snake:3:  layout_misc_corridors
Snake:4:  grunt_snake_rune_serpentine_throne, layout_gridlike, minmay_shoptagon
Slime:1:  layout_caves
Slime:2:  layout_caves, nicolae_slime_getting_an_eyeful
Slime:3:  layout_caves, cheibrodos_slime_lost_civilization_6
Slime:4:  layout_caves
Slime:5:  slime_pit_nicolae_trefoil
Orc:1:    layout_caves
Orc:2:    st_orc_elflike, layout_caves, gauntlet_entry_generic,
          nicolae_orc_lava_tube
Elf:1:    layout_geoelf_diagonals, ebering_ghost_gozag, basic_altar,
          minmay_elf_necromancy, minmay_shop_star
Elf:2:    nicolae_elf_blades_crystal_corner, layout_loops_cross,
          amcnicky_mini_pool_small, nicolae_fountain_basement
Elf:3:    elf_hall, layout_loops_corners, minivault_16, uniq_asterion
Vaults:1: ontoclasm_vaults_eye, nicolae_vaults_house_2, v_misc_11, v_misc_11,
          vaults_standard_mumra_enter_the_diamond,
          nicolae_vaults_little_squares_1, v_alt_pattern_4,
          nicolae_vaults_network_s, v_pattern_4, vaults_room_pool,
          layout_vaults_quadrants
Vaults:2: mu_enter_wizlab_3, vaults_mumra_minichess,
          nicolae_vaults_network_barrier, v_misc_31, v_misc_25,
          nicolae_vaults_spaceships, ontoclasm_vaults_fault,
          vaults_room_fancy_cross, nicolae_vaults_prndl,
          minmay_crypt_entry_necro_gods, nicolae_vaults_corridor_and_loot_room,
          nicolae_vaults_tangram_2, vaults_room_octagon, layout_vaults_omnibox
Vaults:3: hangedman_vaults_cutoff, vaults_room_large_hall, v_misc_28,
          nicolae_vaults_doubleplus_tesselated, nicolae_vaults_border_crossing,
          v_rooms_5, sword_in_stone, vaults_dpeg_emergency_exit,
          nicolae_vaults_ninety_degrees, nicolae_vaults_trapezoid_lopsided_1,
          grunt_vaults_hallway_long, vaults_dpeg_spiral,
          nicolae_vaults_trapezoid_lopsided_4, vaults_mumra_chevron,
          layout_vaults_maze_bifur, serial_shops, shop
Vaults:4: nicolae_vaults_back_hallway, nicolae_vaults_taking_the_gang_shopping,
          grunt_vaults_trifunnel, nicolae_vaults_lightning_bolt,
          nicolae_vaults_shelves_hall, nicolae_vaults_rhombus_6,
          nicolae_vaults_shelves_hall, nicolae_vaults_little_squares_3,
          nicolae_vaults_diamond_1, layout_vaults_chaotic_city, uniq_margery
Vaults:5
Crypt:1:  cheibrodos_crypt_cold_storage, layout_basic, grunt_megastairs_1
Depths:1: layout_basic, enter_ziggurat_b, hell_entry, chequers_big_river,
          serial_shops, nicolae_square_shop, shop, shop, shop,
          nicolae_shop_hallway_plus, tso_oasis_becter, firewood_loft
Depths:2: kennysheep_demon_jail, layout_gridlike, hangedman_decor_riveting,
          pan_entry, grunt_mini_vestibule,
          ploomutoo_gammafunk_ghost_potion_laboratory, grunt_megastairs_4,
          infiniplex_staircase_pillars_2
Depths:3: minmay_tile_spiral, layout_gridlike, pf_vacation_house_of_asmodeus,
          chequers_serial_rivers_micro_c, marbit_kobold_abyss_entry,
          nemelex_diamond_rough_becter, infiniplex_staircase_hallway_doors
Depths:4: grunt_x_marks_the_spot, layout_long_grid, pf_hell_entry_tar_spiral,
          serial_shops, shop, grunt_pan_entry_sceptre, evilmike_ruin_ashenzari
Hell
Dis:1:    nicolae_dis_hell_towers
Dis:2:    layout_gridville
Dis:3:    layout_regular_city
Dis:4:    layout_gridville, nicolae_dis_step_into_the_octagon
Dis:5:    layout_gridville
Dis:6:    layout_gridville, nicolae_dis_distal_crystal
Dis:7:    dis_hangedman

Skill      XL: |  1  2  3  4  5  6  7  8  9 10 11 12 13 14 15 16 17 18 19 20 21 22 23 24 25 26 27 |
---------------+----------------------------------------------------------------------------------+-----
Spellcasting   | 4 5 7 10 12 13 15 17 19 21 23 27 | 27.0
Air Magic      | 4 5 8 9 10 11 12 14 15 16 17 18 20 21 | 21.0
Fighting       | 2 3 4 5 8 9 11 14 15 16 18 20 | 20.7
Conjurations   | 3 4 5 6 14 16 19 20 21 23 25 | 25.7
Dodging        | 4 6 8 11 12 15 17 23 | 23.4
Translocations | 3 5 7 |  7.0
Shields        | 5 12 14 | 14.0
Fire Magic     | 4 5 8 10 12 13 17 18 19 20 21 | 21.0
Evocations     | 5 16 17 | 17.1
Necromancy     | 5 |  5.0
Stealth        | |  2.4
Unarmed Combat | |  0.2

Action                     |  1- 3 |  4- 6 |  7- 9 | 10-12 | 13-15 | 16-18 | 19-21 | 22-24 | 25-27 || total
---------------------------+-------+-------+-------+-------+-------+-------+-------+-------+-------++-------
  Melee: Club              |     1 |       |       |       |       |       |       |       |       ||     1
         Mace              |     2 |       |       |       |       |       |       |       |       ||     2
         Whip              |     3 |     2 |       |       |       |       |       |       |       ||     5
         Spear             |       |     7 |    14 |       |       |       |       |       |       ||    21
         Long sword        |       |       |       |    14 |    19 |    20 |    14 |    11 |   106 ||   184
         Headbutt          |       |       |       |       |       |       |       |       |    12 ||    12
   Cast: Shock             |    48 |   106 |   128 |   115 |   124 |    51 |     3 |       |       ||   575
         Static Discharge  |     2 |    14 |    19 |    84 |    83 |     4 |       |       |       ||   206
         Airstrike         |       |       |    68 |   187 |   115 |    35 |    55 |     1 |       ||   461
         Swiftness         |       |       |     3 |     1 |     2 |       |     2 |       |     4 ||    12
         Foxfire           |       |       |     2 |     3 |     7 |       |       |       |       ||    12
         Blink             |       |       |       |     6 |     6 |     4 |     1 |       |       ||    17
         Gell's Gravitas   |       |       |       |     1 |     2 |     4 |       |       |       ||     7
         Plasma Beam       |       |       |       |    21 |   352 |   394 |   499 |   458 |   609 ||  2333
         Mercury Vapours   |       |       |       |     5 |    15 |     3 |       |       |       ||    23
         Iskenderun's Myst |       |       |       |     3 |     5 |     8 |       |       |     5 ||    21
         Ignite Poison     |       |       |       |     2 |     4 |     1 |       |       |       ||     7
         Arcjolt           |       |       |       |       |     5 |    50 |     8 |    12 |     8 ||    83
         Maxwell's Capacit |       |       |       |       |       |   124 |   130 |   106 |   386 ||   746
         Scorch            |       |       |       |       |       |     1 |       |       |       ||     1
         Ignition          |       |       |       |       |       |       |     4 |    69 |    14 ||    87
         Chain Lightning   |       |       |       |       |       |       |       |    18 |   156 ||   174
         Fire Storm        |       |       |       |       |       |       |       |     2 |    53 ||    55
  Evoke: Wand              |       |       |     2 |     9 |    24 |     2 |       |       |    10 ||    47
         Phial of floods   |       |       |       |       |     1 |       |       |       |       ||     1
    Use: Scroll            |       |       |     2 |    13 |    16 |    16 |    12 |     6 |    21 ||    86
         Potion            |       |       |     3 |     3 |     6 |     5 |     8 |     4 |    22 ||    51
   Stab: Sleeping          |       |       |     1 |       |       |       |       |       |       ||     1
         Invisible         |       |       |       |       |       |     1 |       |       |     7 ||     8
 Armour: Robe              |       |     3 |     7 |    28 |    44 |    64 |    50 |   146 |   584 ||   926
  Dodge: Dodged            |     7 |    16 |    38 |    81 |   127 |   371 |   222 |   214 |   906 ||  1982
  Block: Buckler           |       |       |       |    38 |   134 |   218 |    57 |       |       ||   447
         Reflection        |       |       |       |       |    10 |    22 |       |       |       ||    32
         Kite shield       |       |       |       |       |       |       |    84 |   181 |   872 ||  1137

Table legend: (Time is in decaauts)
 A = Elapsed time spent in this place.
 B = Non-inter-level travel time spent in this place.
 C = Inter-level travel time spent in this place.
 D = Time resting spent in this place.
 E = Time spent auto-exploring this place.
 F = Levels seen in this place.
 G = Mean time per level.
                   A        B        C        D        E       F      G
               +--------+--------+--------+--------+--------+-----+--------+
         Total | 122393 | 110254 |  12139 |  55106 |  34898 |  83 | 1474.6 |
       Dungeon |  24543 |  20217 |   4326 |   8812 |   8685 |  15 | 1636.2 |
        Temple |      1 |      1 |      0 |      0 |      0 |   1 |    1.0 |
          Lair |  14945 |  12930 |   2015 |   8320 |   2951 |   5 | 2989.0 |
         Swamp |   5192 |   4735 |    457 |   1898 |   1874 |   4 | 1298.0 |
     Snake Pit |   7607 |   7136 |    471 |   3237 |   2855 |   4 | 1901.8 |
    Slime Pits |   7186 |   6555 |    631 |   3829 |   1914 |   5 | 1437.2 |
  Orcish Mines |   1976 |   1586 |    390 |    291 |   1063 |   2 |  988.0 |
   Elven Halls |   9939 |   9053 |    886 |   5377 |   2169 |   3 | 3313.0 |
        Vaults |  13815 |  12708 |   1107 |   4496 |   6785 |   5 | 2763.0 |
         Crypt |   1576 |   1532 |     44 |    512 |    849 |   1 | 1576.0 |
        Depths |  10420 |   9571 |    849 |   4031 |   4307 |   4 | 2605.0 |
          Hell |   2232 |   1840 |    392 |   1002 |    600 |   1 | 2232.0 |
           Dis |   2425 |   1858 |    567 |    972 |    258 |   7 |  346.4 |
         Abyss |    603 |    603 |      0 |    262 |     21 |   5 |  120.6 |
   Pandemonium |  15456 |  15456 |      0 |   9526 |    219 |  16 |  966.0 |
         Sewer |    326 |    326 |      0 |     95 |      0 |   1 |  326.0 |
        Bailey |    945 |    945 |      0 |    626 |     26 |   1 |  945.0 |
      Ice Cave |   1292 |   1292 |      0 |    766 |     87 |   1 | 1292.0 |
        Wizlab |   1471 |   1471 |      0 |    906 |     52 |   1 | 1471.0 |
      Gauntlet |    434 |    434 |      0 |    147 |    182 |   1 |  434.0 |
               +--------+--------+--------+--------+--------+-----+--------+

Top non-repeatable levels by time:
   Elf:3: 3738 daAuts
 Slime:5: 3730 daAuts
   Elf:2: 3562 daAuts
     D:9: 3506 daAuts
Vaults:4: 3410 daAuts
Depths:2: 3352 daAuts
  Lair:1: 3272 daAuts
  Lair:3: 3045 daAuts
  Lair:2: 3041 daAuts
  Lair:4: 2954 daAuts
Vaults:1: 2782 daAuts
Vaults:3: 2771 daAuts
Vaults:2: 2718 daAuts
   Elf:1: 2637 daAuts
  Lair:5: 2632 daAuts
